 Dungeon Crawl Stone Soup version 0.20-a0-700-gbd4582c (webtiles) character file.

30748 polly the Blocker (level 13, -1/74 HPs)
             Began as a Gargoyle Fighter on Feb 20, 2017.
             Was the Champion of Okawaru.
             Slain by a warg (6 damage)
             ... while paralysed by Rupert
             ... on level 2 of the Orcish Mines.
             The game lasted 00:29:34 (16381 turns).

polly the Blocker (Gargoyle Fighter)               Turns: 16381, Time: 00:29:35

Health: -1/74      AC: 28    Str: 23    XL:     13   Next: 53%
Magic:  13/13      EV:  2    Int:  5    God:    Okawaru [******]
Gold:   1524       SH:  0    Dex: 15    Spells: 12/12 levels left

rFire    + + .     SeeInvis .   K - +6 whip "Kuzufuug" {elec, Fragile rElec rPois MR+}
rCold    . . .     Gourm    .   w - +0 plate armour
rNeg     + . .     Faith    .   S - +0 shield of the Wild Haggis {Int-3 Dex+6}
rPois    ∞         Spirit   .   d - +0 helmet of Dramatic Exits {+Fly rF++}
rElec    +         Reflect  .   D - +0 cloak
rCorr    .         Harm     .   n - +0 pair of gloves
MR       +....                  (no boots)
Stlth    ..........             (no amulet)
Regen    0.3/turn               (no ring)
MPRegen  0.2/turn               L - -3 ring of dexterity (curse)

@: paralysed
A: repulsion field 1, frail 1, negative energy resistance 1, electricity
resistance, unbreathing, petrification resistance, rot immunity, AC +9
a: Heroism, Finesse, Renounce Religion, Evoke Flight


You were on level 2 of the Orcish Mines.
You worshipped Okawaru.
Okawaru was exalted by your worship.
You were hungry.

You visited 3 branches of the dungeon, and saw 15 of its levels.

You collected 1524 gold pieces.

Inventory:

Hand Weapons
 K - the +6 whip "Kuzufuug" (weapon) {elec, Fragile rElec rPois MR+}
   (You found it on level 10 of the Dungeon)

   Occasionally, upon striking a foe, it will discharge some electrical energy
   and cause terrible harm.
   It insulates you from electricity.
   It protects you from poison.
   It affects your resistance to hostile enchantments.
   It will be destroyed if unequipped.
Missiles
 v - 5 javelins of returning (quivered)
 J - 8 steel tomahawks
Armour
 d - the +0 helmet of Dramatic Exits (worn) {+Fly rF++}
   (You found it on level 7 of the Dungeon)

   It greatly protects you from fire.
   It lets you fly.
 n - a +0 pair of gloves (worn)
 w - a +0 plate armour (worn)
 D - a +0 cloak (worn)
 S - the +0 shield of the Wild Haggis (worn) {Int-3 Dex+6}
   (Okawaru gifted it to you on level 12 of the Dungeon)

   It affects your intelligence (-3).
   It affects your dexterity (+6).
Jewellery
 L - a cursed -3 ring of dexterity (left hand)
Wands
 y - a wand of iceblast (4/15)
 H - a wand of iceblast (7/15)
Scrolls
 a - 2 scrolls of fear
 c - a scroll of identify
 e - a scroll of magic mapping
 k - a scroll of enchant weapon
 m - 2 scrolls of immolation
 o - 7 scrolls of amnesia
 p - 2 scrolls of blinking
 q - 5 scrolls of remove curse
 t - 5 scrolls of teleportation
 E - 2 scrolls of acquirement
 G - a scroll of fog {unknown}
 M - a scroll of noise {unknown}
Potions
 l - a potion of haste
 r - 3 potions of brilliance
 s - a potion of ambrosia
 z - 2 potions of curing
 A - 3 potions of flight
 B - 3 potions of magic
 I - a potion of heal wounds
 O - a potion of resistance {unknown}
 P - 2 potions of invisibility {unknown}
 Q - a potion of mutation
 R - a potion of lignification {unknown}
Books
 x - a book of Misfortune

   Spells                             Type                      Level
   a - Confusing Touch                Hexes                        1
   b - Confuse                        Hexes                        3
   c - Gell's Gravitas                Hexes/Translocation          3
   d - Petrify                        Transmutation/Earth          4
   e - Metabolic Englaciation         Hexes/Ice                    5
   f - Yara's Violent Unravelling     Hexes/Transmutation          5
 N - a book of Conjurations

   Spells                             Type                      Level
   a - Magic Dart                     Conjuration                  1
   b - Searing Ray                    Conjuration                  2
   c - Dazzling Spray                 Conjuration/Hexes            3
   d - Fulminant Prism                Conjuration/Hexes            4
   e - Force Lance                    Conjuration/Translocation    4
   f - Iskenderun's Mystic Blast      Conjuration                  4
Comestibles
 f - 8 bread rations
 g - 4 meat rations
 j - a royal jelly
 C - 6 fruits


   Skills:
 + Level 10.4 Fighting
 + Level 12.8 Maces & Flails
 + Level 1.0 Throwing
 + Level 10.7 Armour
 + Level 3.1 Dodging
 + Level 2.1 Stealth
 + Level 13.9 Shields


You had 12 spell levels left.
You didn't know any spells.

Dungeon Overview and Level Annotations

Branches:
Dungeon (12/15)            Temple (1/1) D:7            Lair (0/6) D:10
    Orc (2/2) D:12
    Elf: Orc:2

Altars:
Ashenzari
Cheibriados
Dithmenos
Elyvilon Ieoh Jian
Makhleb
Nemelex Xobeh
Okawaru
Ru
Trog
Xom
Yredelemnul
The Shining One
Beogh

Shops:
D:4 *   D:7 [   Orc:2 [%

Annotations:
Orc:2 Maurice, Rupert


Innate Abilities, Weirdness & Mutations

You are resistant to torment.
Your stone body is resilient. (AC +9)
You are immune to poison.
You resist negative energy. (rN+)
You are resistant to electric shocks. (rElec)
You can survive without breathing.
You are immune to petrification.
You are immune to rotting.
You are surrounded by a mild repulsion field. (EV +2)
You are frail. (-10% HP)


Message History

Rupert roars wildly at you.
You suddenly lose the ability to move!
Your transformation has ended.
The +6 whip "Kuzufuug" {elec, Fragile rElec rPois MR+} unmelds from your body.
Your +0 cloak unmelds from your body.
The +0 helmet of Dramatic Exits {+Fly rF++} unmelds from your body.
Your +0 pair of gloves unmelds from your body.
The +0 shield of the Wild Haggis {Int-3 Dex+6} unmelds from your body.
Your +0 plate armour unmelds from your body.
Your cursed -3 ring of dexterity unmelds from your body.
You hear the crackle of electricity.
You feel clumsy. The warg barely misses you.
The warg bites you but does no damage. x2; The orc hits you but does no damage.
The orc warrior hits you with a dire flail!
* * * LOW HITPOINT WARNING * * *
The warg bites you but does no damage. The orc hits you but does no damage.
The orc warrior hits you but does no damage.
The warg bites you.
You die...

#.............$..............
#............................
#........@...................
##...........................
##....o@....................
##.......o...................
#....#.....h.......... ...###
##.........oo.......
#.........oh@.......
##$.................
#$..................
#...................
##..................
...................
#...................
#...................


You could see Rupert, Maurice, 2 wargs, 2 orc warriors, an orc wizard and 2
orcs.

Vanquished Creatures
  An orc warlord (Orc:1)
  An ettin (Orc:2)
  The ghost of polly the Peltast, a journeyman GrFi of Okawaru (D:12)
  The ghost of Likado the Grappler, a journeyman TrMo of Okawaru (D:11)
  The ghost of Vinniefish the Arsonist, a journeyman DgFE (D:11)
  Erica (Orc:1)
  3 two-headed ogres
  The ghost of polly the Blocker, a novice GrFi of Okawaru (D:10)
  The ghost of us17 the Agent of Entropy, a novice TrAK of Lugonu (D:8)
  The ghost of polly the Blocker, a novice GrFi (D:7)
  3 unseen horrors
  Pikel (D:9)
  A cyclops (Orc:1)
  6 orc sorcerers
  4 manticores
  A komodo dragon (D:11)
  5 trolls
  2 hippogriffs
  Sigmund (D:2)
  11 yaks
  A wraith (D:10)
  2 wyverns
  A hungry ghost (D:11)
  4 wargs
  A water moccasin (D:7)
  23 orc warriors
  Duvessa (D:6)
  3 slaves (D:9)
  3 ice beasts
  3 sky beasts
  2 phantoms
  2 necrophages
  15 ogres
  2 black bears
  11 centaurs
  A big kobold (D:11)
  An elf zombie (D:9)
  11 bullfrogs
  Dowan (D:6)
  4 scorpions
  A troll zombie (D:9)
  8 wights
  16 killer bees
  2 centaur zombies
  6 crimson imps
  6 howler monkeys
  3 bullfrog zombies
  9 hounds
  2 human zombies (D:9)
  17 orc priests
  A bullfrog skeleton (D:12)
  2 centaur skeletons
  3 jellies
  33 orc wizards
  Jessica (D:2)
  10 worker ants
  7 iguanas
  An ogre zombie (D:9)
  A hound skeleton (D:7)
  4 mummies (D:9)
  A worker ant zombie (D:8)
  12 adders
  4 shadow imps
  2 oozes (D:2)
  An adder zombie (D:7)
  2 adder skeletons
  6 worms
  7 leopard geckos
  105 orcs
  5 giant cockroaches
  11 goblins
  7 hobgoblins
  16 jackals
  14 kobolds
  10 quokkas
  3 ball pythons
  5 bats
  7 frilled lizards
  A jackal skeleton (D:7)
  A leopard gecko skeleton (D:6)
  A leopard gecko zombie (D:5)
  An orc zombie (D:9)
  8 rats
502 creatures vanquished.

Vanquished Creatures (others)
  An orc (Orc:1)
  A bush (D:6)
  4 toadstools (D:1)
6 creatures vanquished.

Grand Total: 508 creatures vanquished

Notes
Turn   | Place    | Note
-------+----------+-------------------------------------------
     0 | D:1      | polly the Gargoyle Fighter began the quest for the Orb.
     0 | D:1      | Reached XP level 1. HP: 14/14 MP: 1/1
   395 | D:1      | Reached XP level 2. HP: 16/19 MP: 2/2
   756 | D:2      | Noticed Jessica
   788 | D:2      | Killed Jessica
   788 | D:2      | Reached XP level 3. HP: 19/24 MP: 3/3
   838 | D:2      | Reached skill level 4 in Shields
   885 | D:2      | Reached XP level 4. HP: 21/29 MP: 4/4
  1243 | D:2      | You fall through a shaft for 2 floors!
  1245 | D:4      | Found a shimmering altar of Xom.
  1245 | D:4      | Found a shimmering altar of Xom.
  1250 | D:4      | Found a shimmering altar of Xom.
  1251 | D:4      | Found a shimmering altar of Xom.
  1252 | D:4      | Found a shimmering altar of Xom.
  1252 | D:4      | Found a shimmering altar of Xom.
  1308 | D:4      | Reached XP level 5. HP: 33/33 MP: 5/5
  1485 | D:2      | Noticed Sigmund
  1498 | D:2      | Killed Sigmund
  1498 | D:2      | Reached XP level 6. HP: 29/38 MP: 6/6
  1639 | D:3      | Reached skill level 5 in Shields
  1659 | D:3      | Reached skill level 1 in Dodging
  1706 | D:3      | Found a glowing golden altar of the Shining One.
  1853 | D:3      | Found a white marble altar of Elyvilon.
  2453 | D:4      | Reached XP level 7. HP: 38/43 MP: 7/7
  2471 | D:4      | Reached skill level 5 in Maces & Flails
  2837 | D:4      | Found Fymaud's General Store.
  2943 | D:4      | Found a burning altar of Makhleb.
  2943 | D:4      | Found a bloodstained altar of Trog.
  3030 | D:5      | Entered Level 5 of the Dungeon
  3621 | D:5      | Reached XP level 8. HP: 47/48 MP: 8/8
  3760 | D:5      | Reached skill level 5 in Armour
  3798 | D:5      | Reached skill level 5 in Fighting
  3955 | D:5      | Found a snail-covered altar of Cheibriados.
  4044 | D:5      | Found a shattered altar of Ashenzari.
  4100 | D:6      | Found a glowing golden altar of the Shining One.
  4113 | D:6      | Found an iron altar of Okawaru.
  4154 | D:6      | Reached skill level 6 in Shields
  4916 | D:6      | Reached XP level 9. HP: 35/54 MP: 9/9
  5021 | D:6      | Reached skill level 7 in Shields
  5307 | D:6      | Noticed Duvessa
  5307 | D:6      | Noticed Dowan
  5323 | D:6      | Killed Duvessa
  5330 | D:6      | Killed Dowan
  5507 | D:6      | Became a worshipper of Warmaster Okawaru
  5841 | D:7      | Found a shadowy altar of Dithmenos.
  5885 | D:7      | Noticed polly's ghost (novice GrFi)
  5925 | D:7      | Gained mutation: You are frail. (-10% HP) [potion of mutation]
  5925 | D:7      | Gained mutation: You are surrounded by a mild repulsion field. (EV +2) [potion of mutation]
  5953 | D:7      | Killed polly's ghost
  5953 | D:7      | Reached * piety under Okawaru
  5976 | D:7      | Found Ystuolev's Armour Shop.
  5980 | D:7      | Got a jewelled helmet
  5986 | D:7      | Identified the +0 helmet of Dramatic Exits {+Fly rF++} (You found it on level 7 of the Dungeon)
  6111 | D:7      | Found a staircase to the Ecumenical Temple.
  6155 | D:7      | Reached skill level 8 in Shields
  6155 | D:7      | Reached XP level 10. HP: 54/54 MP: 10/10
  6171 | D:7      | Found a sacrificial altar of Ru.
  7059 | Temple   | Entered the Ecumenical Temple
  7119 | D:8      | Noticed us17's ghost (novice TrAK)
  7137 | D:7      | HP: 2/54 [bullfrog (3)]
  7185 | D:7      | Reached skill level 1 in Stealth
  7191 | D:7      | Reached ** piety under Okawaru
  7333 | D:8      | Found a sparkling altar of Nemelex Xobeh.
  7379 | D:8      | Noticed a two-headed ogre
  7390 | D:8      | Killed a two-headed ogre
  7390 | D:8      | Reached *** piety under Okawaru
  7700 | D:8      | Reached skill level 9 in Shields
  8068 | D:8      | Killed us17's ghost
  8068 | D:8      | Reached skill level 10 in Maces & Flails
  8458 | D:8      | Found an ornate altar of the Ieoh Jian Council.
  8573 | D:9      | Reached **** piety under Okawaru
  8750 | D:8      | Noticed a two-headed ogre
  8760 | D:8      | Killed a two-headed ogre
  8760 | D:8      | Reached XP level 11. HP: 37/61 MP: 11/11
  8971 | D:9      | Reached skill level 1 in Throwing
  9017 | D:9      | Reached ***** piety under Okawaru
  9097 | D:9      | Found a basalt altar of Yredelemnul.
  9632 | D:9      | Noticed Pikel
  9644 | D:9      | Killed Pikel
  9644 | D:9      | Reached skill level 10 in Shields
  9710 | D:10     | Entered Level 10 of the Dungeon
  9710 | D:10     | Found a staircase to the Lair.
 10075 | D:9      | Received a gift from Okawaru
 10425 | D:10     | Got an ivory whip
 10426 | D:10     | Identified the +6 whip "Kuzufuug" {elec, Fragile rElec rPois MR+} (You found it on level 10 of the Dungeon)
 10702 | D:11     | Noticed Likado's ghost (journeyman TrMo)
 10737 | D:10     | Killed an unseen horror
 10964 | D:10     | Noticed polly's ghost (novice GrFi)
 11079 | D:10     | Killed polly's ghost
 11436 | D:11     | Killed Likado's ghost
 11481 | D:11     | Noticed Vinniefish's ghost (journeyman DgFE)
 11492 | D:11     | Noticed a manticore
 11493 | D:11     | Killed Vinniefish's ghost
 11501 | D:11     | Reached ****** piety under Okawaru
 11508 | D:11     | Killed a manticore
 11508 | D:11     | Reached skill level 11 in Shields
 11508 | D:11     | Reached XP level 12. HP: 37/67 MP: 12/12
 11812 | D:11     | Noticed a two-headed ogre
 11825 | D:11     | Killed a two-headed ogre
 11825 | D:11     | Received a gift from Okawaru
 12299 | D:12     | Found a roughly hewn altar of Beogh.
 12542 | D:12     | Found a staircase to the Orcish Mines.
 12632 | D:12     | Noticed polly's ghost (journeyman GrFi)
 12974 | D:12     | Killed polly's ghost
 12974 | D:12     | Reached skill level 12 in Shields
 13655 | D:12     | Received a gift from Okawaru
 13658 | D:12     | Got a faintly humming shield {god gift}
 13669 | D:12     | Identified the +0 shield of the Wild Haggis {Int-3 Dex+6} (Okawaru gifted it to you on level 12 of the Dungeon)
 13687 | D:12     | Identified 2 scrolls of acquirement
 13981 | Orc:1    | Entered Level 1 of the Orcish Mines
 14023 | D:12     | Reached skill level 10 in Armour
 14222 | D:12     | Reached XP level 13. HP: 25/73 MP: 13/13
 14417 | Orc:1    | Reached skill level 10 in Fighting
 14552 | Orc:2    | Entered Level 2 of the Orcish Mines
 14610 | Orc:1    | Noticed Erica
 14614 | Orc:1    | Reached skill level 13 in Shields
 14632 | Orc:1    | Killed Erica
 14758 | Orc:2    | Noticed an ettin
 14768 | Orc:2    | Killed an ettin
 15241 | Orc:1    | Found a roughly hewn altar of Beogh.
 15277 | Orc:1    | Found a roughly hewn altar of Beogh.
 15556 | Orc:2    | Noticed an orc warlord
 15862 | Orc:1    | Killed an orc warlord
 16112 | Orc:2    | Received a gift from Okawaru
 16116 | Orc:2    | Found a roughly hewn altar of Beogh.
 16150 | Orc:2    | Found Nubet's Food Shop.
 16150 | Orc:2    | Found Kunwysho's Armour Emporium.
 16328 | Orc:2    | Noticed Rupert
 16348 | Orc:2    | Noticed Maurice
 16377 | Orc:2    | Paralysed by Rupert for 7 turns
 16381 | Orc:2    | Slain by a warg

Vault maps used:
D:1:      ldierk_walled_garden_2
D:2:      minmay_item_behind_shaft, kennysheep_generic_room_13, uniq_jessica,
          uniq_sigmund
D:3:      elyvilon_altar_4, serial_bayou, serial_bayou_crossing,
          serial_bayou_ford_a, serial_bayou_pond_c, serial_bayou_shore_b,
          nicolae_tso_carved_into_rock
D:4:      minmay_wonky_spiral, gammafunk_temple_overflow_wave, xom_redecorated,
          serial_shops, kennysheep_mini_moat
D:5:      cheibrodos_helix_gallery, cheibrodos_worm_habitat, ashenzari_altar_1,
          first_bread
D:6:      lemuel_crystal_altar, okawaru_gym_becter, kb_lookout_dungeons_type,
          uniq_duvessa
D:7:      nicolae_ru_the_path_less_chosen, grunt_dithmenos_smoke_and_mirrors,
          minmay_temple_entry_butterflies, serial_shops,
          nicolae_shop_temple_entry_statues_fountains
D:8:      kennysheep_mini, nemelex_xobeh_ov_fountains_minmay
D:9:      lemuel_mausoleum_altar_yredelemnul, grunt_ogre_cave, uniq_pikel
D:11:     hangedman_decor_push, minmay_misc_feat_ornament,
          kennysheep_generic_room_8
D:12:     david_orc_5, minmay_tree_intersection, hex_medium
Temple:   grunt_temple_mini_profane
Orc:1:    enter_bailey_3, basic_altar, mines2_david, uniq_erica
Orc:2:    st_orc_town, uniq_rupert, uniq_maurice

Skill      XL: |  1  2  3  4  5  6  7  8  9 10 11 12 13 |
---------------+----------------------------------------+-----
Shields        | 4 5 6 8 9 11 12 13 | 13.9
Armour         | 4 5 6 7 9 10 | 10.7
Maces & Flails | 3 4 5 7 9 10 11 12 | 12.8
Fighting       | 4 5 6 7 8 9 10 | 10.4
Dodging        | 1 2 3 |  3.1
Stealth        | 1 2 |  2.1
Throwing       | 1 |  1.0

Action                   |  1- 3 |  4- 6 |  7- 9 | 10-12 | 13-15 || total
-------------------------+-------+-------+-------+-------+-------++-------
Melee: Flail             |    74 |   306 |   588 |   589 |       ||  1557
       Whip              |       |       |       |  1072 |   391 ||  1463
Throw: Javelin           |       |       |       |     9 |       ||     9
Invok: Heroism           |       |       |       |     2 |     1 ||     3
  Use: Potion            |       |       |     6 |     1 |     2 ||     9
       Scroll            |       |       |       |    14 |     1 ||    15
  Eat: Chunk             |       |     5 |     9 |    25 |     7 ||    46
       Fruit             |       |       |     1 |     1 |       ||     2
       Bread ration      |       |       |     1 |       |       ||     1
       Royal jelly       |       |       |       |     1 |       ||     1
Armor: Scale mail        |    43 |   169 |       |       |       ||   212
       Chain mail        |       |    37 |    15 |       |       ||    52
       Plate armour      |       |       |   356 |   657 |   121 ||  1134
       Skin              |       |       |       |       |     2 ||     2
Dodge: Dodged            |    30 |   108 |   107 |   367 |    74 ||   686
Block: Shield            |    40 |   191 |   291 |   782 |   193 ||  1497
